 Dungeon Crawl Stone Soup version 0.21-a0-286-g6fcecc0 (webtiles) character file.

1831 Ijustatesigmund the Skirmisher (level 9, -2/64 HPs)
             Began as an Octopode Fighter on Sept 28, 2017.
             Slain by an orc (3 damage)
             ... on level 7 of the Dungeon.
             The game lasted 00:12:02 (5027 turns).

Ijustatesigmund the Skirmisher (Octopode Fighter)   Turns: 5027, Time: 00:12:03

Health: -2/64      AC:  1    Str: 16    XL:     9   Next: 11%
Magic:  9/9        EV: 14    Int: 14    God:
Gold:   342        SH: 10    Dex: 14    Spells: 8/8 levels left

rFire    + . .     SeeInvis +   a - +3 whip (elec)
rCold    . . .     Gourm    .   b - +0 shield
rNeg     . . .     Faith    .   (helmet restricted)
rPois    .         Spirit   .   (no amulet)
rElec    .         Reflect  .   l - ring of see invisible
rCorr    .         Harm     .   g - ring of flight
MR       .....                  c - ring of protection from fire
Stlth    +++.......             p - +4 ring of intelligence
HPRegen  0.20/turn              (no ring)
MPRegen  0.11/turn              (no ring)
                                (no ring)
                                (no ring)

@: about to teleport, hasted, very quick
A: almost no armour, stealthy swim, amphibious, 8 rings, constrict 8, camouflage
1, gelatinous body 1
a: Evoke Flight


You were on level 7 of the Dungeon.
You were not hungry.

You visited 2 branches of the dungeon, and saw 8 of its levels.

You collected 342 gold pieces.

Inventory:

Hand Weapons
 a - a +3 whip of electrocution (weapon)
Armour
 b - a +0 shield (worn)
Jewellery
 c - a ring of protection from fire (on tentacle)
 g - a ring of flight (right tentacle)
 l - a ring of see invisible (left tentacle)
 p - a +4 ring of intelligence (on tentacle)
 r - an uncursed ring of fire
Scrolls
 k - 4 scrolls of remove curse
Potions
 e - a potion of mutation {unknown}
 m - a potion of resistance {unknown}
 n - a potion of agility {unknown}
 q - a potion of haste
Books
 o - a book of Cantrips

   Spells                             Type                      Level
   a - Confusing Touch                Hexes                        1
   b - Animate Skeleton               Necromancy                   1
   c - Summon Small Mammal            Summoning                    1
   d - Apportation                    Translocation                1
Comestibles
 d - 4 bread rations
 f - 2 fruits
 i - 2 royal jellies
 j - 3 meat rations


   Skills:
 - Level 7.0 Fighting
 - Level 7.0 Maces & Flails
 + Level 5.2 Dodging
 + Level 3.8 Stealth
 + Level 5.3 Shields


You had 8 spell levels left.
You didn't know any spells.

Dungeon Overview and Level Annotations

Branches:
Dungeon (7/15)             Temple (1/1) D:6

Altars:
Ashenzari
Cheibriados
Dithmenos
Elyvilon
Fedhas
Gozag
Hepliaklqana
Makhleb
Nemelex Xobeh
Qazlal
Ru
Sif Muna
Trog
Uskayaw
Vehumet
Xom
Yredelemnul
The Shining One

Annotations:
D:7 Menkaure


Innate Abilities, Weirdness & Mutations

You cannot wear most types of armour.
You are very stealthy in the water. (Stealth+)
You are amphibious.
You can wear up to eight rings at the same time.
You can use your tentacles to constrict eight enemies at once.
Your skin changes colour to match your surroundings (Stealth+).
Your rubbery body absorbs attacks. (AC +1, EV +1)


Message History

The orc warrior shouts!
The orc priest looks encouraged for a moment.
Menkaure calls on the powers of darkness!
The orc warrior convulses!
The orc convulses!
The orc priest convulses!
Your body is wracked with pain!
Menkaure calls on the powers of darkness!
The orc warrior convulses!
The orc convulses!
The orc priest convulses!
Your body is wracked with pain!
* * * LOW HITPOINT WARNING * * *
Menkaure calls on the powers of darkness!
The orc convulses!
Your body is wracked with pain!
* * * LOW HITPOINT WARNING * * *
As you read the scroll of teleportation, it crumbles to dust.
You feel strangely unstable.
It was a potion of haste.
You feel yourself speed up.
The orc priest calls down the wrath of Beogh upon you.
Beogh smites you!
* * * LOW HITPOINT WARNING * * *
The orc hits you.
You die...

#.............
#.............
#.............
#####...........#
#####.#..#####......#
#......#.....#......#
#......#.....#......#
#......#.....#......#
#......#@....#......#
######....##o....#..<...#
#...########.....########
............o.....#
.................#
.........M.......#
#..##...###.......#
###..##.M.# #....####
..........# ......#


You could see Menkaure, an orc priest and an orc.

Vanquished Creatures
  A two-headed ogre (D:5)
  Eustachio (D:4)
  A sky beast (D:5)
  An orc warrior (D:6)
  2 ogres
  A bullfrog (D:6)
  A scorpion (D:6)
  3 crimson imps
  A hound (D:6)
  4 bullfrog skeletons
  3 orc wizards
  4 worker ants
  6 adders
  A shadow imp (D:5)
  An ooze (D:3)
  2 worms
  2 dart slugs
  2 leopard geckos
  17 orcs
  A ball python (D:1)
  2 giant cockroaches (D:1)
  7 goblins
  8 hobgoblins
  5 jackals
  8 kobolds
  4 quokkas
  7 bats
  3 frilled lizards
  A quokka skeleton (D:6)
  9 rats
109 creatures vanquished.

Notes
Turn   | Place    | Note
-------+----------+-------------------------------------------
     0 | D:1      | Ijustatesigmund the Octopode Fighter began the quest for the Orb.
     0 | D:1      | Reached XP level 1. HP: 16/16 MP: 1/1
    89 | D:1      | Reached XP level 2. HP: 21/21 MP: 2/2
   391 | D:2      | Reached XP level 3. HP: 8/26 MP: 3/3
  1364 | D:2      | Reached XP level 4. HP: 32/33 MP: 4/4
  1387 | D:2      | Found a shadowy altar of Dithmenos.
  1419 | D:2      | Found a radiant altar of Vehumet.
  1965 | D:3      | Found a glowing golden altar of the Shining One.
  2030 | D:3      | Reached XP level 5. HP: 29/37 MP: 5/5
  2091 | D:3      | Found a faded altar of an unknown god.
  2159 | D:3      | Found a deep blue altar of Sif Muna.
  2928 | D:4      | Reached XP level 6. HP: 44/44 MP: 6/6
  2955 | D:4      | Noticed Eustachio
  2962 | D:4      | Killed Eustachio
  2973 | D:4      | Reached skill level 5 in Maces & Flails
  2973 | D:4      | Reached XP level 7. HP: 42/49 MP: 7/7
  2999 | D:4      | Reached skill level 5 in Fighting
  3019 | D:5      | Entered Level 5 of the Dungeon
  3585 | D:5      | Noticed a two-headed ogre
  3598 | D:5      | Killed a two-headed ogre
  3598 | D:5      | Reached XP level 8. HP: 60/60 MP: 8/8
  4054 | D:6      | Reached skill level 1 in Stealth
  4282 | D:6      | Found a staircase to the Ecumenical Temple.
  4289 | D:6      | Reached skill level 5 in Shields
  4289 | D:6      | Reached XP level 9. HP: 51/64 MP: 9/9
  4356 | Temple   | Entered the Ecumenical Temple
  4429 | D:6      | Found a shattered altar of Ashenzari.
  4598 | D:6      | Reached skill level 5 in Dodging
  5015 | D:7      | Noticed Menkaure
  5027 | D:7      | HP: 1/64 [orc priest/divine providence (10)]
  5027 | D:7      | Slain by an orc

Vault maps used:
D:1:      dpeg_arrival_simpleton_a, feat_on_display
D:2:      nicolae_dithmenos_shadow_blocks, vehumet_crystals,
          minmay_strange_pillars
D:3:      nicolae_overflow_crystal_walls, overflow_temple_1_default,
          chequers_ecumenical_altar_simple_redux
D:4:      serial_shops, shop_fountains, uniq_eustachio
D:5:      first_bread
D:6:      evilmike_ruin_ashenzari, minmay_temple_entry_mist
D:7:      lemuel_round_altar, grunt_ogre_cave, uniq_menkaure
Temple:   cyrus_circular_temple

Skill      XL: |  1  2  3  4  5  6  7  8  9 |
---------------+----------------------------+-----
Maces & Flails | 3 4 5 7 |  7.0
Fighting       | 4 7 |  7.0
Shields        | 4 5 |  5.3
Dodging        | 4 5 |  5.2
Stealth        | 3 |  3.8

Action                   |  1- 3 |  4- 6 |  7- 9 || total
-------------------------+-------+-------+-------++-------
Melee: Flail             |    44 |       |       ||    44
       Constrict         |    18 |    18 |    20 ||    56
       Tentacles         |     5 |    13 |    22 ||    40
       Whip              |    26 |    79 |    93 ||   198
Throw: Throwing net      |       |       |     1 ||     1
  Use: Potion            |     1 |     1 |     1 ||     3
       Scroll            |     5 |     3 |     6 ||    14
 Stab: Sleeping          |     4 |     2 |    10 ||    16
       Held in net/web   |       |       |     1 ||     1
  Eat: Chunk             |     1 |     5 |     4 ||    10
       Fruit             |       |       |     3 ||     3
Armor: Skin              |     5 |     4 |     2 ||    11
Dodge: Dodged            |    33 |    23 |    23 ||    79
Block: Shield            |    33 |    34 |    36 ||   103

Table legend:
 A = Spawn XP
 B = Non-spawn XP
 C = Spawn XP percentage of total XP
 D = Spawn monster count
 E = Non-spawn monster count
 F = Spawn count percentage of total count
 G = Total turns spent on level
                    A         B        C        D         E        F      G
               +---------+---------+-------+---------+---------+-------+---------
         Total |       0 |    2617 |   0.0 |       0 |     109 |   0.0 |  5027
               +---------+---------+-------+---------+---------+-------+---------
           D:1 |       0 |      43 |   0.0 |       0 |      24 |   0.0 |  1041
           D:2 |       0 |     100 |   0.0 |       0 |      22 |   0.0 |   900
           D:3 |       0 |     107 |   0.0 |       0 |      25 |   0.0 |   738
           D:4 |       0 |     464 |   0.0 |       0 |      10 |   0.0 |   340
           D:5 |       0 |    1216 |   0.0 |       0 |      10 |   0.0 |   910
           D:6 |       0 |     648 |   0.0 |       0 |      17 |   0.0 |  1004
           D:7 |       0 |      39 |   0.0 |       0 |       1 |   0.0 |    41
               +---------+---------+-------+---------+---------+-------+---------
